[Event "*** MasterClass Titled Tuesday Blitz"]
[Site "Chess.com"]
[Date "2017.09.05"]
[Round "8"]
[White "Tarlev_Konstantin"]
[Black "gammagramma"]
[Result "1-0"]
[WhiteElo "2599"]
[BlackElo "2357"]
[TimeControl "180+2"]
[EndTime "14:58:44 PDT"]
[Termination "Tarlev_Konstantin won by resignation"]

1. e4 e6 2. Nf3 c5 3. Nc3 Nc6 4. Bb5 Nge7 5. O-O a6 6. Bxc6 Nxc6 7. d4 cxd4 8. Nxd4 Bc5 9. Nxc6 dxc6 10. Qg4 O-O 11. e5 f5 12. exf6 Qxf6 13. Be3 Bxe3 14. fxe3 e5 15. Qb4 a5 16. Qc5 b6 17. Rxf6 bxc5 18.
Rxc6 Rb8 19. b3 Bf5 20. Rxc5 Bxc2 21. Rc1 Bd3 22. Rxe5 Rbc8 23. h3 a4 24. b4 Rc4 25.
a3 Rfc8 26. Rc5 R8xc5 27. bxc5 Rxc5 28. Kf2 h5 29. Ne2 Rb5 30. Rc3 Rb3 31. Rc8+ Kh7 32. Nf4 Rxa3 33. Nxh5 Be4 34. g4 Ra2+ 35. Kg3 a3 36.
Rc7 Rg2+ 37. Kf4 a2 38. Rxg7+ Kh8 39. Ra7 Bd5 40. Nf6 Rf2+ 41. Kg5 Bf7 42. Rxf7 Rxf6 43.
Ra7 Rf2 44. h4 Kg8 45. h5 Rb2 46.
e4 Re2 47. Kg6 Kf8 48. g5 Rb2 49. h6 Rb6+ 50. Kh5 Kg8 51. Rxa2 1-0

[Event "*** MasterClass Titled Tuesday Blitz"]
[Site "Chess.com"]
[Date "2017.09.05"]
[Round "8"]
[White "Witik"]
[Black "Alexander_Moskalenko"]
[Result "1-0"]
[WhiteElo "2562"]
[BlackElo "2660"]
[TimeControl "180+2"]
[EndTime "14:58:57 PDT"]
[Termination "Witik won on time"]

1. e4 d5 2. exd5 Nf6 3. Nf3 Bg4 4. Be2 Qxd5 5. Nc3 Qh5 6. d4 Nc6 7. O-O O-O-O 8. h3 e5 9. d5 Bc5 10. Qd3 Bb6 11. a4 Bf5 12. Qb5 a6 13. Qb3 Na5 14.
Qb4 Nxd5 15. Nxd5 Rxd5 16. c4 Rd7 17. c5 Nc6 18. Qa3 Bxh3 19. gxh3 Ba5 20. Kh2 e4 21. Ng1 Qd5 22. Be3 Qe5+ 23. Kh1 f5 24. f4 exf3 25.
Bxf3 Re8 26. Bf2 Bd2 27. Rad1 Qe6 28. Bg2 Qc4 29. Nf3 Bb4 30. Qa1 Rxd1 31. Qxd1 Bxc5 32. Bxc5 Qxc5 33. Ng5 g6 34. Re1 Re7 35. Rxe7 Qxe7 36.
Qd2 Ne5 37. Qe3 c6 38. Nf3 Kc7 39. Qxe5+ Qxe5 40. Nxe5 Kd6 41. Nd3 b5 42. a5 c5 43. b4 c4 44. Nf4 Ke5 45. Ne2 g5 46. Bb7 h5 47. Bxa6 Ke4 48. Bxb5 Ke3 49. Bxc4 1-0

[Event "*** MasterClass Titled Tuesday Blitz"]
[Site "Chess.com"]
[Date "2017.09.05"]
[Round "8"]
[White "kikydu96"]
[Black "swayamsm"]
[Result "1-0"]
[WhiteElo "2330"]
[BlackElo "2509"]
[TimeControl "180+2"]
[EndTime "14:58:57 PDT"]
[Termination "kikydu96 won by resignation"]

1. e4 e5 2. Nf3 Nc6 3. Bc4 Nf6 4. d3 Be7 5. O-O O-O 6. h3 d5 7.
exd5 Nxd5 8. Nc3 Nxc3 9. bxc3 Bd6 10. Rb1 Kh8 11. Ng5 Qf6 12. Qh5 h6 13. Nxf7+ Kh7 14. Ng5+ Kh8 15. Ne4 Qf5 16. Qxf5 Rxf5 17. Bd5 Ne7 18.
Bxb7 Rb8 19. Bxc8 Rxb1 20. Bxf5 Nxf5 21. g4 Nh4 22. Nd2 Ra1 23. a3 Ra2 24. Ne4 Rxc2 25. Be3 a5 26. Rb1 Bxa3 27. Rb8+ Kh7 28. Ra8 Bc1 29.
Rxa5 Bxe3 30. fxe3 Nf3+ 31. Kf1 Nd2+ 32. Ke1 Nxe4 33. dxe4 Rxc3 34. Kd2 Rb3 35. Rxe5 Rb1 36. Rc5 Rh1 37. e5 Rxh3 38. e6 Kg6 39. Re5 Rh2+ 40. Kd3 Kf6 41. e7 Kxe5 42. e8=Q+ Kf6 43. Qd7 Rf2 44.
Qxc7 Kg6 45. e4 Rg2 46. Qf4 Kh7 47. e5 Ra2 48. Qf5+ Kh8 49. e6 Ra3+ 50. Kc4 Ra4+ 51. Kb5 Ra8 52. e7 Rb8+ 53. Kc6 1-0

[Event "*** MasterClass Titled Tuesday Blitz"]
[Site "Chess.com"]
[Date "2017.09.05"]
[Round "8"]
[White "danyuffa"]
[Black "michaelq2d5"]
[Result "1-0"]
[WhiteElo "2588"]
[BlackElo "2621"]
[TimeControl "180+2"]
[EndTime "14:59:03 PDT"]
[Termination "danyuffa won by resignation"]

1. d4 d5 2. c4 e6 3. Nf3 Nf6 4. g3 dxc4 5. Bg2 Nc6 6. O-O Rb8 7. Nc3 b5 8. Ne5 Nxe5 9. dxe5 Nd7 10. Bc6 a6 11. Qd4 Bb7 12. Bxb7 Rxb7 13. Rd1 c5 14. Qg4 Qc7 15. Bg5 h6 16. Rxd7 Qxd7 17. Rd1 hxg5 18. Rxd7 Rxd7 19. Qe4 Be7 20. Qa8+ Rd8 21. Qc6+ Kf8 22.
Qxa6 b4 23. Ne4 Rd4 24. e3 Rd5 25. Qxc4 Rxe5 26. a4 bxa3 27. bxa3 g6 28. a4 Kg7 29. a5 Ra8 30. Qc3 f6 31. Nd2 Rd5 32. Nc4 g4 33. Kg2 Bd8 34. Qb3 Rd7 35. Qb5 Rda7 36. Qc6 Bxa5 37.
Qxe6 Bd8 38. Qxg4 Be7 39. Qe6 Rd8 40. h4 Kf8 41. e4 Ra4 42. Nb6 Rad4 43. Nd5 R4xd5 44.
exd5 c4 45. Qc6 c3 46. Qxc3 Rxd5 47. Qc8+ Kg7 48. Qe6 Re5 49. Qg4 f5 50. Qc4 Bf6 51.
Qc7+ Re7 52. Qf4 Re4 53. Qf3 Bd4 54. Qd3 Kf6 55. f3 1-0

[Event "*** MasterClass Titled Tuesday Blitz"]
[Site "Chess.com"]
[Date "2017.09.05"]
[Round "8"]
[White "wonderfultime"]
[Black "SavelijTartakover"]
[Result "1-0"]
[WhiteElo "2664"]
[BlackElo "2550"]
[TimeControl "180+2"]
[EndTime "14:59:16 PDT"]
[Termination "wonderfultime won by resignation"]

1. d4 Nf6 2. c4 g6 3. Nc3 Bg7 4. e4 O-O 5. f3 d6 6. Be3 b6 7.
Qd2 c5 8. d5 e6 9. Bd3 exd5 10.
cxd5 Nbd7 11. Nge2 Ne5 12. O-O Nxd3 13. Qxd3 a6 14. a4 Re8 15. Ng3 Bd7 16. Rfe1 h5 17.
Nf1 Qc7 18. Nd2 h4 19. Bf2 h3 20. g3 Nh5 21. f4 Nf6 22. Kh1 Ng4 23. Bg1 f5 24. Qf3 fxe4 25. Ndxe4 Bf5 26. Ng5 Qd7 27. Ne6 Rab8 28. Re2 Re7 29. Rae1 Rbe8 30. Ne4 Rxe6 31. dxe6 Rxe6 32. Ng5 Rxe2 33. Rxe2 Bf6 34. Nxh3 d5 35.
Ng5 Bxg5 36. fxg5 Be4 37. Rxe4 dxe4 38. Qxe4 Qf5 39. Qxf5 gxf5 40. a5 bxa5 41. Bxc5 Ne5 42. Kg2 Kf7 43. Bd4 Nc4 44. Kf3 a4 45. g4 Kg6 46. h4 a5 47. Kf4 fxg4 48. Kxg4 a3 49.
h5+ Kf7 50. g6+ Ke6 51. bxa3 Nxa3 52. h6 Nb5 53. Ba1 1-0

[Event "*** MasterClass Titled Tuesday Blitz"]
[Site "Chess.com"]
[Date "2017.09.05"]
[Round "8"]
[White "OparinGrigoriy"]
[Black "Sebastian"]
[Result "1-0"]
[WhiteElo "2642"]
[BlackElo "2814"]
[TimeControl "180+2"]
[EndTime "14:59:34 PDT"]
[Termination "OparinGrigoriy won by resignation"]

1. e4 e5 2. Nf3 Nc6 3. Bc4 Bc5 4. c3 Nf6 5. d3 O-O 6. Nbd2 d6 7. O-O Ne7 8. d4 exd4 9. cxd4 Bb6 10. e5 dxe5 11.
dxe5 Nfd5 12. Ne4 Bf5 13. Ng3 Bg6 14. Nh4 c6 15. Kh1 Nb4 16. Qg4 Nd3 17. f4 Nf2+ 18.
Rxf2 Bxf2 19. f5 Bxg3 20. hxg3 Nxf5 21. Nxf5 Bxf5 22. Qxf5 Qd1+ 23. Kh2 Rae8 24. Bh6 Qd4 25. Bd3 g6 26. Qf6 Qxe5 27. Qxe5 Rxe5 28. Bxf8 Kxf8 29. Rd1 Ke7 30. Rd2 Rh5+ 31. Kg1 Rg5 32. Kf2 a5 33.
Re2+ Kd7 34. Bc4 b5 35. Bd3 a4 36. Kf3 Rc5 37. Kf4 h6 38. g4 Rd5 39. Be4 Rd1 40.
Rc2 Rd6 41. Bf3 Kc7 42. Re2 Kb6 43. Ke5 Re6+ 44. Kd4 c5+ 45. Kd5 Rf6 46. Re8 Rf4 47. Rb8+ Ka5 48. Kxc5 Rc4+ 49. Kd6 Rc2 50. b3 a3 51. Bc6 Rd2+ 52. Kc5 Rc2+ 53. Kd6 Rd2+ 54. Kc7 Kb4 55. Rxb5+ Kc3 56. Rc5+ Kb2 57. b4 Kxa2 58. b5 Kb2 59. Bd5 a2 60. Bxa2 Kxa2 61. b6 1-0

[Event "*** MasterClass Titled Tuesday Blitz"]
[Site "Chess.com"]
[Date "2017.09.05"]
[Round "8"]
[White "Grebeniuk-S"]
[Black "IamSchrodingersCat"]
[Result "1-0"]
[WhiteElo "2415"]
[BlackElo "2428"]
[TimeControl "180+2"]
[EndTime "14:59:47 PDT"]
[Termination "Grebeniuk-S won by resignation"]

1. d4 Nf6 2. Nf3 g6 3. Bg5 Bg7 4. Nbd2 d5 5. e3 O-O 6. Be2 c6 7. c4 Bf5 8. O-O Qb6 9. Qb3 Nbd7 10. cxd5 cxd5 11. Rac1 Rfc8 12. h3 h5 13. Nh4 Be6 14.
Nhf3 Bf5 15. Nh4 Be6 16. Qa3 Bf8 17. Bd3 Re8 18. Nhf3 Rac8 19. Qb3 Bf5 20. Bxf5 Qxb3 21. Nxb3 gxf5 22. Na5 b6 23. Nc6 a5 24. Na7 Rxc1 25. Rxc1 Ne4 26. Rc7 Nb8 27. Bf4 Na6 28.
Rb7 Nb4 29. a3 Nd3 30. Rxb6 Nexf2 31. Nc6 a4 32. Nce5 Nxe5 33. Kxf2 Nc4 34. Rb5 e6 35.
Ne5 Nxe5 36. Bxe5 Rc8 37. Kf3 Rc2 38. Rb8 Rc6 39. Ra8 f6 40. Bxf6 Kf7 41. Be5 Rc2 42.
Ra7+ Ke8 43. Rxa4 Rxb2 44. Ra8+ Kf7 45. a4 Ra2 46. a5 Bb4 47. a6 Be1 48. Bg3 Bb4 49.
a7 Be7 50. Bc7 h4 51. Bb6 Bb4 52. Rh8 Be1 53. e4 dxe4+ 54. Ke3 Bf2+ 55. Kf4 Bg3+ 56. Kg5 f4 57. a8=Q Rxa8 58. Rxa8 f3 59. d5 exd5 60. gxf3 exf3 61. Kg4 f2 62. Ra1 d4 63. Bxd4 Ke6 64.
Kf3 Kd5 65. Bxf2 1-0

[Event "*** MasterClass Titled Tuesday Blitz"]
[Site "Chess.com"]
[Date "2017.09.05"]
[Round "8"]
[White "champ2005"]
[Black "AbdAlAgathos"]
[Result "1-0"]
[WhiteElo "2484"]
[BlackElo "2347"]
[TimeControl "180+2"]
[EndTime "15:00:16 PDT"]
[Termination "champ2005 won by resignation"]

1. e4 e6 2. d4 d5 3. exd5 exd5 4. Bd3 c5 5. dxc5 Bxc5 6. Nf3 Ne7 7. O-O O-O 8. h3 Nbc6 9. Nc3 a6 10. Bg5 Qd6 11. Re1 Bxh3 12. Be3 Bf5 13. Bxc5 Qxc5 14. Bxf5 Nxf5 15. Qxd5 Qxd5 16. Nxd5 Rfe8 17. c3 Rxe1+ 18. Rxe1 Rd8 19. Nf4 b5 20. a3 Kf8 21. g4 Nd6 22.
Re2 Nc4 23. b3 N4a5 24. b4 Nc4 25. Ra2 Rd1+ 26. Kg2 Rc1 27. Ne2 Rb1 28. a4 bxa4 29. Rxa4 Rb2 30. Rxa6 N6e5 31. Nxe5 Nxe5 32. Ng3 Nxg4 33.
Nh1 Ne3+ 34. Kf3 Nd5 35. Rc6 Ke7 36. Ke4 Nxb4 37. cxb4 Rxb4+ 38. Kf3 Rb3+ 39. Kg2 h5 40.
Ng3 g6 41. Rc7+ Kf6 42. Ne4+ Kg7 43. Ng5 Kf6 44. Nxf7 g5 45. Nd6 g4 46. Ne4+ Kf5 47. Ng3+ Kg6 48. Rc6+ Kg5 49. Rc5+ Kg6 50. Nxh5 Ra3 51.
Ng3 Rb3 52. Ne4 Ra3 53. Rg5+ Kh6 54. Rxg4 Kh5 55. f3 Rb3 56. Kg3 Rb8 57. Rg5+ Kh6 58. f4 Re8 59. Nf2 Re1 60. Ng4+ Kh7 61. f5 Rg1+ 62.
Kf2 Ra1 63. f6 Ra2+ 64. Kg3 Ra3+ 65. Kf4 Ra4+ 66. Kg3 Ra3+ 67. Kh4 Ra7 68. Ne5 Rb7 69. f7 Rxf7 70. Rh5+ 1-0

[Event "*** MasterClass Titled Tuesday Blitz"]
[Site "Chess.com"]
[Date "2017.09.05"]
[Round "8"]
[White "GrigorGrigorov"]
[Black "TrickyTrapChess"]
[Result "1-0"]
[WhiteElo "2614"]
[BlackElo "2314"]
[TimeControl "180+2"]
[EndTime "15:00:17 PDT"]
[Termination "GrigorGrigorov won by resignation"]

1. d4 Nf6 2. c4 e6 3. Nc3 Bb4 4. e3 b6 5. Ne2 Ba6 6. a3 Be7 7. Nf4 d5 8. cxd5 Bxf1 9. Kxf1 Nxd5 10. Ncxd5 exd5 11. Qf3 c6 12. g4 Nd7 13. Kg2 Nf6 14. Bd2 Ne4 15. Be1 O-O 16. Rc1 Rc8 17. Qe2 Bd6 18. f3 Bxf4 19. exf4 Nd6 20. f5 Re8 21. Qd3 Nc4 22. b3 Re3 23. Qd1 Nxa3 24. Bf2 Re7 25. Qd2 Nb5 26. Rhe1 Rxe1 27. Rxe1 Qd7 28. f6 gxf6 29. Bh4 Qd6 30. Qh6 Qf8 31. Qxf6 Qg7 32. Qf5 Rf8 33. Bf6 Qg6 34. Qf4 Nc7 35. h4 Ne6 36. Qe5 h6 37. Kg3 Kh7 38. h5 Qd3 39. Re3 Qb1 40. Qf5+ Qxf5 41. gxf5 Ng7 42. Kg4 Ne8 43.
Bh4 Rg8+ 44. Kf4 Ng7 45. Re7 Nxh5+ 46. Ke5 Rf8 47. f6 a6 48. f4 Kg6 49. f5+ Kh7 50. Rc7 Re8+ 51. Kd6 Re4 52. Bf2 Kg8 53. Rc8+ Kh7 54.
Rf8 Rf4 55. Be3 Rxf5 56. Rxf7+ Kg8 57. Ke7 Rf3 58. Bxh6 c5 59. Rf8+ Kh7 60. Bd2 cxd4 61. f7 Ng7 62. Rg8 Nf5+ 63. Ke6 Ng7+ 64. Ke7 Nf5+ 65.
Kd7 Nh6 66. f8=Q Rxf8 67. Rxf8 b5 68. Bxh6 Kxh6 69. Rf4 1-0

[Event "*** MasterClass Titled Tuesday Blitz"]
[Site "Chess.com"]
[Date "2017.09.05"]
[Round "8"]
[White "platy3"]
[Black "ViIIagra"]
[Result "1/2-1/2"]
[WhiteElo "2584"]
[BlackElo "2667"]
[TimeControl "180+2"]
[EndTime "15:00:48 PDT"]
[Termination "Game drawn - insufficient material"]

1. e4 c5 2. Nf3 Nc6 3. Nc3 g6 4.
Bb5 Bg7 5. O-O Nd4 6. Bc4 e6 7. d3 Ne7 8. a4 Nec6 9. Bf4 e5 10.
Bg5 f6 11. Be3 d6 12. Nd2 Be6 13. f4 exf4 14. Bxf4 O-O 15. Bxe6+ Nxe6 16. Bg3 Ne5 17. Nd5 Qd7 18. Kh1 Rae8 19. Bxe5 dxe5 20. c3 f5 21. Qb3 Kh8 22. Qb5 Qf7 23. Nc4 Rd8 24. a5 f4 25. b4 g5 26. bxc5 g4 27. c6 bxc6 28. Qxc6 Ng5 29. Qc7 Qh5 30. Qxa7 g3 31. Qg1 Rfe8 32. a6 Bf8 33. Nxe5 Rxe5 34. Nxf4 Qh4 35. a7 Ree8 36. h3 Bd6 37. Qd4+ Be5 38. Qe3 Rf8 39.
Ng6+ hxg6 40. Rxf8+ Rxf8 41. a8=Q Rxa8 42. Rxa8+ Kg7 43. Ra7+ Kh6 44. Ra5 Bf4 45. Qc5 Nh7 46. Qc8 Bg5 47. Qg4 Qxg4 48. hxg4 Nf6 49. e5 Nxg4 50.
Kg1 Kg7 51. Kf1 Bd2 52. Rc5 Kf7 53. Ke2 Bc1 54. Kf3 Ne3 55. d4 Nf5 56. d5 Ba3 57.
Rc7+ Ke8 58. c4 Kd8 59. Ra7 Bc5 60. Ra6 Bf2 61. d6 Kd7 62. Ke4 Ke6 63. d7+ Kxd7 64. Rxg6 Nh4 65. Rg7+ Ke6 66. c5 Bxc5 67. Rxg3 Be7 68.
Rb3 Nxg2 69. Rb6+ Kf7 70. Kf5 Nh4+ 71. Kg4 Ng6 72. Kf5 Nh4+ 73. Ke4 Ng6 74. Rb1 Ke6 75.
Rb6+ Kf7 76. Ra6 Bf8 77. Rf6+ Kg7 78. Kf5 Nh4+ 79. Ke6 Ng6 80. Rf7+ Kg8 81. Rf6 Nxe5 82. Rxf8+ Kxf8 1/2-1/2

[Event "*** MasterClass Titled Tuesday Blitz"]
[Site "Chess.com"]
[Date "2017.09.05"]
[Round "8"]
[White "Keaton87"]
[Black "GM_dmitrij"]
[Result "1/2-1/2"]
[WhiteElo "2494"]
[BlackElo "2634"]
[TimeControl "180+2"]
[EndTime "15:01:00 PDT"]
[Termination "Game drawn - insufficient material"]

1. e4 e5 2. Nf3 Nc6 3. Nc3 Nf6 4.
Bb5 Bb4 5. d3 O-O 6. O-O Bxc3 7.
bxc3 d6 8. Bg5 Qe7 9. h3 Nd8 10. Bc4 Be6 11. Bb3 Bxb3 12. cxb3 Ne6 13. Be3 Rad8 14. Qc2 Rfe8 15. a4 a6 16. a5 d5 17.
Nxe5 dxe4 18. dxe4 Nc5 19. Nf3 Ncxe4 20. Rfe1 Nd5 21.
Bd4 c5 22. Bxc5 Qxc5 23. Rxe4 Qxc3 24. Rxe8+ Rxe8 25. Qxc3 Nxc3 26. Kf1 g6 27. Rc1 Nb5 28. Rc5 Kf8 29. Rd5 Ke7 30. Re5+ Kd7 31. Rxe8 Kxe8 32.
Ke2 Kd7 33. Kd3 f6 34. Kc4 Kc6 35. b4 Nd6+ 36. Kd4 Kb5 37. Kd5 Nc4 38. Ke6 Kxb4 39. Kxf6 b6 40. axb6 Nxb6 41. Kg7 a5 42. Kxh7 a4 43. Nd4 Kc4 44. Nc2 Kc3 45. Na3 Nc4 46. Nb5+ Kb4 47. Nd4 Kc3 48. Nb5+ Kb3 49. Kxg6 Nd6 50.
Nxd6 a3 51. h4 a2 52. h5 a1=Q 53. Nf7 Qb1+ 54. Kg7 Qb2+ 55. Kg6 Qxf2 56. h6 Qxg2+ 57. Kf6 Qf3+ 58. Kg7 Qg4+ 59. Kf6 Qh5 60. Kg7 Qg4+ 61. Kf6 Qg8 62. Ng5 Kc4 63. h7 Qf8+ 64. Kg6 Qd6+ 65.
Kg7 Qe5+ 66. Kg6 Kd5 67. Nf7 Qg3+ 68. Kf6 Qf4+ 69. Kg7 Qg4+ 70. Kf6 Qd4+ 71. Kg6 Qg4+ 72. Kf6 Qh4+ 73. Kg7 Ke6 74. h8=Q Qf6+ 75. Kh7 Qf5+ 76.
Kh6 Qh3+ 77. Kg6 Qf5+ 78. Kh6 Qxf7 79. Qg7 Qxg7+ 80. Kxg7 1/2-1/2

[Event "*** MasterClass Titled Tuesday Blitz"]
[Site "Chess.com"]
[Date "2017.09.05"]
[Round "8"]
[White "BilodeauA"]
[Black "XDPS"]
[Result "0-1"]
[WhiteElo "2642"]
[BlackElo "2591"]
[TimeControl "180+2"]
[EndTime "15:01:12 PDT"]
[Termination "XDPS won by resignation"]

1. e4 c5 2. Nf3 d6 3. d4 cxd4 4. Nxd4 Nf6 5. Nc3 a6 6. Be2 e5 7. Nb3 Be7 8. O-O O-O 9. Kh1 b6 10. f3 Bb7 11. Bg5 Nbd7 12. a4 Rc8 13. Be3 Rc7 14.
Rf2 Qa8 15. Bf1 Rfc8 16. Rd2 h6 17. Be2 Rxc3 18. bxc3 Rxc3 19. Qg1 Qc8 20. Bxb6 Rxc2 21. Ba5 d5 22. Rxc2 Qxc2 23. Qd1 Qxd1+ 24. Rxd1 dxe4 25.
fxe4 Bc6 26. Bxa6 Bxa4 27. Bc4 Nxe4 28. Re1 Ndf6 29. Bb6 Bb4 30. Ra1 Bc6 31. Ra7 Nd6 32.
Be2 Nd5 33. Bc5 Bxc5 34. Nxc5 Nf4 35. Bf3 e4 36. Bd1 e3 37. Bf3 Bxf3 38. gxf3 Nf5 39. Ra8+ Kh7 40. Re8 e2 41. Kg1 Ne6 42. Kf2 Nxc5 43.
Kxe2 Ne6 44. Ra8 g5 45. Kf2 Kg6 46. Ra6 h5 47. Ra7 h4 48. Ra6 Ne7 49. Ra7 Nd5 50. Ra6 Nf4 51. Ra5 f6 52. Ra8 Nd4 53. Rg8+ Kf5 54. Ra8 Nc6 55. Ra6 Ne5 56. Ra5 Ne6 57.
Ra6 Nd4 58. f4 gxf4 59. h3 Ne6 60. Ra8 Ng5 61. Kg2 f3+ 62. Kh2 f2 63. Kg2 Nxh3 64. Ra1 Kg4 65. Ra4+ Kg5 66. Ra1 Kg4 67. Ra4+ Nf4+ 68.
Kxf2 h3 69. Kg1 Kg3 70. Ra3+ Nf3+ 71. Kh1 Ng2 72. Ra4 Ne5 73. Ra3+ Kg4 74. Ra4+ Nf4 75. Kh2 f5 76. Rb4 Nf3+ 77. Kh1 Ng5 78. Kh2 Ne4 79. Rb3 Ng5 80. Rg3+ Kh4 81. Ra3 Ne2 82. Re3 Nd4 83. Rd3 f4 84. Kh1 Ne2 85. Ra3 Kg4 86. Kh2 Nf3+ 0-1

[Event "*** MasterClass Titled Tuesday Blitz"]
[Site "Chess.com"]
[Date "2017.09.05"]
[Round "8"]
[White "Yaacovn"]
[Black "temiksmozg"]
[Result "0-1"]
[WhiteElo "2620"]
[BlackElo "2455"]
[TimeControl "180+2"]
[EndTime "15:02:59 PDT"]
[Termination "temiksmozg won on time"]

1. d4 f5 2. Nf3 Nf6 3. g3 g6 4. Bg2 Bg7 5. O-O O-O 6. b3 c5 7. Bb2 cxd4 8. Nxd4 d5 9. c4 e5 10. Nf3 e4 11. Nd4 Nc6 12. cxd5 Nxd5 13. Nxc6 bxc6 14.
Bxg7 Kxg7 15. Qc1 Qf6 16. Na3 Ba6 17. Re1 Nc3 18. Bf1 e3 19. Qxe3 Rfe8 20. Qc5 Nxe2+ 21. Kh1 Re5 22. Qb4 Rae8 23. Nc4 Re4 24. Rad1 R8e7 25. Bg2 R4e6 26. Bf3 Bxc4 27. bxc4 c5 28. Qd2 Nd4 29. Bd5 Re5 30. Kg2 Re2 31. Rxe2 Rxe2 32. Qf4 Qe5 33.
Qxe5+ Rxe5 34. Rb1 Re7 35. a4 g5 36. a5 g4 37. h3 h5 38. hxg4 hxg4 39. Kf1 Kf6 40. a6 Ke5 41. Kg2 Kd6 42. Rb8 Kc7 43. Rb2 Kd6 44.
Kf1 Kc7 45. Kg1 Rd7 46. Kg2 Kd6 47. f3 gxf3+ 48. Bxf3 Ke5 49. Bd5 Rd6 50. Ra2 Rb6 51. Ra1 Rb2+ 52. Kh3 Rb6 53. Kh4 Nc2 54. Ra2 Ne3 55. Re2 Kd4 56. Kg5 Rxa6 57. Bf7 Ra1 58. Kf6 a5 59. Rd2+ Kc3 60. Rd6 a4 61. Rc6 Kd4 62.
Rd6+ Kc3 63. Rc6 a3 64. Rxc5 Rg1 65. Ra5 Kb4 66. Ra8 Rxg3 67. c5 Kxc5 68. Ke5 Nc4+ 69. Kf4 Rc3 70. Kxf5 Nd6+ 71. Ke6 Nxf7 72. Kxf7 Re3 73.
Kf6 Kb4 74. Kf5 Kb3 75. Kf4 Re7 76. Rb8+ Kc2 77. Rc8+ Kb1 78. Rb8+ Ka1 79. Kf3 Re1 80.
Ra8 a2 81. Kf2 Rb1 82. Ke3 Kb2 83. Rb8+ Kc1 84. Rc8+ Kd1 85. Rd8+ Ke1 86. Rg8 Rb3+ 87. Kd4 Ra3 88. Rg1+ Kd2 89. Rg2+ Kc1 90. Rg1+ Kb2 91.
Rg2+ Kb3 92. Rg3+ Kb4 0-1

[Event "*** MasterClass Titled Tuesday Blitz"]
[Site "Chess.com"]
[Date "2017.09.05"]
[Round "9"]
[White "WeiYi1999"]
[Black "jcibarra"]
[Result "0-1"]
[WhiteElo "2179"]
[BlackElo "2700"]
[TimeControl "180+2"]
[EndTime "15:06:07 PDT"]
[Termination "jcibarra won by resignation"]

1. e4 c5 2. c3 Nf6 3. e5 Nd5 4. d4 cxd4 5. Nf3 e6 6. cxd4 d6 7. Bc4 Nc6 8. O-O Be7 9. a3 O-O 10.
Bd3 Bd7 11. Qc2 g6 12. Bh6 Re8 13. Nbd2 Rc8 14. Qd1 Qb6 15. Nc4 Qc7 16. Re1 dxe5 17. dxe5 b5 0-1

[Event "*** MasterClass Titled Tuesday Blitz"]
[Site "Chess.com"]
[Date "2017.09.05"]
[Round "9"]
[White "Rokis13"]
[Black "MatthewG-p4p"]
[Result "0-1"]
[WhiteElo "2357"]
[BlackElo "2575"]
[TimeControl "180+2"]
[EndTime "15:07:18 PDT"]
[Termination "MatthewG-p4p won by resignation"]

1. e4 c5 2. Nc3 e6 3. g3 Nc6 4. Bg2 Nf6 5. f4 d5 6. d3 g6 7. Nf3 Bg7 8. O-O O-O 9. Qe1 Rb8 10. h3 b5 11. g4 b4 12. Nd1 dxe4 13. dxe4 Ba6 14.
Rf2 c4 15. g5 Nd7 16. Be3 Qc7 17.
f5 exf5 18. exf5 Rfe8 19. Qd2 c3 20. bxc3 bxc3 21. Qd5 Rb5 22. Qd3 Rb1 23. Qxa6 Rxa1 24. Rf1 Nb4 25. Qb5 Rb8 26. Qe2 Rxa2 27. fxg6 hxg6 28.
Ne1 Re8 29. Qf2 Ne5 30. Bxa7 Qxa7 0-1

[Event "*** MasterClass Titled Tuesday Blitz"]
[Site "Chess.com"]
[Date "2017.09.05"]
[Round "9"]
[White "JSPrepz"]
[Black "JaimeSantosLatasa"]
[Result "0-1"]
[WhiteElo "2492"]
[BlackElo "2599"]
[TimeControl "180+2"]
[EndTime "15:07:24 PDT"]
[Termination "JaimeSantosLatasa won by resignation"]

1. c4 e5 2. g3 Nc6 3. Bg2 Bc5 4.
Nc3 d6 5. e3 a6 6. Nf3 Ba7 7.
d4 Bg4 8. Qa4 Bd7 9. Qc2 exd4 10. exd4 Bxd4 11. Nxd4 Nxd4 12. Qe4+ Qe7 13. Qxe7+ Nxe7 14. Bxb7 Rb8 15. Be4 f5 16. Bb1 Bc6 17. Rf1 Bg2 18.
Be3 Nf3+ 19. Kd1 Bxf1 20. b3 Ne5 21. Bd4 N7c6 22. Be3 Bd3 23. Nd5 Kd7 24. Bxd3 Nxd3 25. Kd2 Nde5 26. h3 Rhf8 27. f4 Ng6 28. g4 Nce7 29.
Rf1 Nxd5 30. cxd5 fxg4 31. hxg4 Rb4 0-1

[Event "*** MasterClass Titled Tuesday Blitz"]
[Site "Chess.com"]
[Date "2017.09.05"]
[Round "9"]
[White "Rodalquilar"]
[Black "chesstatour"]
[Result "1-0"]
[WhiteElo "2498"]
[BlackElo "2070"]
[TimeControl "180+2"]
[EndTime "15:07:26 PDT"]
[Termination "Rodalquilar won by resignation"]

1. e4 c6 2. d4 d5 3. Nc3 dxe4 4. Nxe4 Nf6 5. Nxf6+ gxf6 6. Nf3 Bg4 7. c3 e6 8. g3 h5 9. h3 Bxf3 10. Qxf3 h4 11.
g4 Bd6 12. Bg2 Nd7 13. O-O Qc7 14. Re1 O-O-O 15. b4 Nb6 16. Rb1 Nd5 17. c4 Bxb4 18.
Rf1 Qa5 19. cxd5 cxd5 20. Qb3 1-0

[Event "*** MasterClass Titled Tuesday Blitz"]
[Site "Chess.com"]
[Date "2017.09.05"]
[Round "9"]
[White "VladDobrov"]
[Black "Scott-fox21"]
[Result "1-0"]
[WhiteElo "2599"]
[BlackElo "2187"]
[TimeControl "180+2"]
[EndTime "15:07:34 PDT"]
[Termination "VladDobrov won by resignation"]

1. e4 c5 2. Nf3 d6 3. d4 cxd4 4. Nxd4 Nf6 5. Nc3 Nc6 6. Bg5 e6 7. Qd2 a6 8. O-O-O Bd7 9. f3 h6 10. Be3 b5 11. Nxc6 Bxc6 12. Ne2 Be7 13. Nd4 Bb7 14. Kb1 O-O 15. g4 Nd7 16. h4 d5 17.
g5 h5 18. g6 fxg6 19. Nxe6 Qc8 20. Nxf8 Qxf8 21. exd5 Qxf3 22. Bh3 Ne5 23. d6 Nc4 24. Be6+ Kh7 25. Bxc4 Bxd6 26. Qxd6 Qxe3 27. Bd5 Bxd5 28. Qxd5 Rc8 29. Qd3 Qf2 1-0

[Event "*** MasterClass Titled Tuesday Blitz"]
[Site "Chess.com"]
[Date "2017.09.05"]
[Round "9"]
[White "dhanushbharadwaj"]
[Black "AdrianaNikolova"]
[Result "0-1"]
[WhiteElo "2383"]
[BlackElo "2261"]
[TimeControl "180+2"]
[EndTime "15:08:34 PDT"]
[Termination "AdrianaNikolova won by resignation"]

1. Nf3 d5 2. c4 d4 3. g3 c5 4. b4 Nc6 5. b5 Nb8 6. Bg2 g6 7. d3 Bg7 8. O-O e5 9. a4 Ne7 10. a5 O-O 11. a6 Qc7 12. Bd2 Nd7 13. Ba5 Nb6 14. axb7 Bxb7 15. Nbd2 f5 16. Ng5 Bxg2 17. Kxg2 Qb7+ 18. Kg1 Qd7 19. Nb3 Rac8 20. Bxb6 axb6 21. Ra6 h6 22. Nf3 e4 23. Ne1 Qe6 24. Ng2 g5 25. Qd2 Ng6 26. Na5 Ne5 27. Nc6 Nxc6 28. Rxb6 exd3 29. exd3 Rfe8 30. bxc6 Rxc6 31. Rxc6 Qxc6 32.
Re1 Kf7 33. Rxe8 Qxe8 34. Qe2 Qxe2 0-1

[Event "*** MasterClass Titled Tuesday Blitz"]
[Site "Chess.com"]
[Date "2017.09.05"]
[Round "9"]
[White "TrickyTrapChess"]
[Black "nihalsarin"]
[Result "1-0"]
[WhiteElo "2328"]
[BlackElo "2624"]
[TimeControl "180+2"]
[EndTime "15:09:21 PDT"]
[Termination "TrickyTrapChess won by resignation"]

1. e4 c5 2. b3 Nf6 3. e5 Nd5 4. Bb2 g6 5. c4 Nc7 6. d4 cxd4 7. Qxd4 Nc6 8. Qd2 Bg7 9. Nf3 O-O 10. Be2 Ne6 11. O-O Qc7 12. Nc3 Nxe5 13. Nd5 Nxf3+ 14. Bxf3 Qd8 15. Bxg7 Kxg7 16. Rac1 d6 17. Rfe1 Bd7 18. b4 Bc6 19. Qb2+ Kg8 20. Qe2 Re8 21. Qe3 Nc7 22. Nxe7+ Kg7 23. Qd4+ f6 24. Nxc6 bxc6 25. Bxc6 Rxe1+ 26. Rxe1 Rb8 27. b5 a6 28. a4 axb5 29. cxb5 d5 30. Qc5 Kh8 31. Re8+ Qxe8 32. Bxe8 Rxe8 33. h3 Ne6 34. Qxd5 Nf4 35. Qc6 Re1+ 36. Kh2 Ne6 37.
b6 1-0

[Event "*** MasterClass Titled Tuesday Blitz"]
[Site "Chess.com"]
[Date "2017.09.05"]
[Round "9"]
[White "pawnwonder"]
[Black "RitvarsReimanis"]
[Result "0-1"]
[WhiteElo "1996"]
[BlackElo "2449"]
[TimeControl "180+2"]
[EndTime "15:09:27 PDT"]
[Termination "RitvarsReimanis won by checkmate"]

1. e4 c5 2. Nf3 Nc6 3. Bb5 g6 4. Bxc6 bxc6 5. O-O Bg7 6. Re1 Nh6 7. c3 d6 8. d4 cxd4 9. cxd4 f6 10. Nc3 Nf7 11. h3 O-O 12. Be3 Bd7 13. Qd2 Rb8 14. Rab1 Qa5 15. d5 c5 16. a3 Rb3 17. Qc2 Rfb8 18. Nd2 R3b7 19. Nc4 Qd8 20. Bd2 f5 21. f3 fxe4 22.
fxe4 Ne5 23. Nxe5 Bxe5 24. Be3 Qc8 25. Qd2 Bxh3 26. gxh3 Qxh3 27. Qg2 Qh4 28. Bg5 Qh5 29. Bd2 Bd4+ 30. Be3 Bxc3 31. Rf1 Rxb2 32. Rxb2 Rxb2 33. Rf2 Qd1+ 34. Kh2 Be5+ 35. Kh3 Qh5# 0-1